 Dungeon Crawl Stone Soup version 0.26-a0-649-gf8c6c3aab7 (webtiles) character file.

Game seed: 17247644557508675497

13799 grandjackal the Dealer of Despair (level 11, 0/93 HPs)
             Began as a Demonspawn Necromancer on Sept 27, 2020.
             Was an Elder of Kikubaaqudgha.
             Slain by Harold
             ... wielding a +1 morningstar of freezing
              (7 damage)
             ... on level 11 of the Dungeon.
             The game lasted 00:19:37 (13442 turns).

grandjackal the Dealer of Despair (DsNe)           Turns: 13442, Time: 00:19:38

Health: 0/93       AC:  5    Str: 17    XL:     11   Next: 80%
Magic:  0/25       EV:  6    Int: 26    God:    Kikubaaqudgha [****..]
Gold:   470        SH:  0    Dex: 16    Spells: 4/30 levels left

rFire    + . .     SeeInvis +   w - +10 war axe "Impuown" {venom, +Rage rC- MR- SInv}
rCold    x . .     Faith    .   (no shield)
rNeg     . . .     Spirit   +   n - +1 leather armour of Kalloful {rF+ MR+++ Str+6 Dex-5} (curse)
rPois    .         Reflect  .   (helmet restricted)
rElec    .         Harm     .   (no cloak)
rCorr    .         Rampage  .   m - +0 pair of gloves
MR       ++...                  (no boots)
Stlth    ++........             (no amulet)
HPRegen  0.25/turn              j - +6 ring of intelligence
MPRegen  0.38/turn              G - +6 ring of dexterity (curse)

@: about to teleport, held
A: horns 2, powered by death 2, magic shield, magic regeneration, magic link,
big brain 2
a: Receive Corpses, Renounce Religion, Evoke Berserk Rage


You were on level 11 of the Dungeon.
You worshipped Kikubaaqudgha.
Kikubaaqudgha was greatly pleased with you.
You visited 2 branches of the dungeon, and saw 12 of its levels.
You also visited: Sewer and Ossuary.

You collected 470 gold pieces.

Inventory:

Hand Weapons
 f - a +0 dagger
 v - a +0 long sword
 w - the +10 war axe "Impuown" (weapon) {venom, +Rage rC- MR- SInv}
   (You found it in a sewer)

   It poisons the flesh of those it strikes.
   It makes you vulnerable to cold.
   It affects your resistance to hostile enchantments.
   It lets you see invisible.
   It lets you go berserk.
 C - a +2 dagger of venom
Missiles
 a - 2 curare-tipped darts (quivered)
Armour
 e - a +0 scale mail
 l - a cursed +0 ring mail
 m - a +0 pair of gloves (worn)
 n - the cursed +1 leather armour of Kalloful (worn) {rF+ MR+++ Str+6 Dex-5}
   (You found it on level 7 of the Dungeon)

   It affects your strength (+6).
   It affects your dexterity (-5).
   It protects you from fire.
   It affects your resistance to hostile enchantments.
   It has a curse placed upon it.
 s - a cursed +0 chain mail
Jewellery
 j - a +6 ring of intelligence (left hand)
 G - a cursed +6 ring of dexterity (right hand)
 H - an uncursed ring of positive energy {unknown}
 J - an uncursed ring of poison resistance {unknown}
Wands
 A - a wand of flame (28)
Scrolls
 c - 2 scrolls of enchant armour {unknown}
 d - 5 scrolls of remove curse
 k - 5 scrolls of teleportation
 p - 3 scrolls of amnesia {unknown}
 q - 3 scrolls of enchant weapon {unknown}
 t - 4 scrolls of magic mapping {unknown}
 x - 3 scrolls of blinking {unknown}
 y - a scroll of immolation {unknown}
 F - a scroll of vulnerability
Potions
 b - 8 potions of curing
 g - 7 potions of heal wounds
 h - 4 potions of flight
 i - 3 potions of lignification
 o - 4 potions of haste
 r - 3 potions of brilliance
 u - a potion of mutation
 z - 2 potions of ambrosia
 D - a potion of cancellation
 E - 2 potions of resistance
 I - 2 potions of magic


   Skills:
 + Level 11.0 Fighting
 - Level 1.7 Dodging
 - Level 1.7 Stealth
 + Level 10.4 Spellcasting
 + Level 12.6 Necromancy


You had 4 spell levels left.
You knew the following spells:

 Your Spells              Type           Power        Failure   Level
a - Pain                  Necr           ####         1%          1
b - Vampiric Draining     Necr           ######....   1%          3
c - Animate Dead          Necr           ######....   1%          4
d - Agony                 Necr           ######..     1%          5
e - Sublimation of Blood  Necr           ######....   1%          2
f - Corpse Rot            Necr/Air       N/A          1%          2
g - Dispel Undead         Necr           ######..     1%          4
h - Excruciating Wounds   Necr           ######....   1%          5

Your spell library contained the following spells:

 Spells                   Type           Power        Failure   Level
 Animate Skeleton         Necr           ######       1%          1
 Beastly Appendage        Tmut           ##....       5%          1
 Blink                    Tloc           N/A          9%          2
 Wereblood                Tmut           ##......     9%          2
 Gell's Gravitas          Tloc           ##........   16%         3
 Lesser Beckoning         Tloc           ##........   16%         3
 Spider Form              Tmut/Pois      ##........   16%         3
 Teleport Other           Tloc           ##......     16%         3
 Ice Form                 Ice/Tmut       ##......     47%         4
 Passage of Golubria      Tloc           N/A          47%         4
 Borgnjor's Vile Clutch   Necr/Erth      #####.....   11%         5
 Blade Hands              Tmut           ##........   83%         5


Dungeon Overview and Level Annotations

Branches:
Dungeon (11/15)            Temple (1/1) D:5            Lair (0/6) D:9
  Sewer (visited)         Ossuary (visited)
    Orc: D:9-12

Altars:
Dithmenos
Elyvilon
Hepliaklqana
Kikubaaqudgha
Makhleb
Okawaru
Sif Muna
Trog
Vehumet
Wu Jian
Xom
Yredelemnul
The Shining One

Shops:
D:4 (

Annotations:
D:11 Harold


Innate Abilities, Weirdness & Mutations

You have a pair of horns on your head.
You regenerate health from kills.
When hurt, damage is shared between your health and your magic reserves.
You regenerate magic rapidly.
When low on magic, you restore magic in place of health.
You have an extremely huge brain. (Int +4)


Message History

Harold hits you with a +1 morningstar of freezing!
Harold freezes you. The ice beast hits you. The ice beast freezes you!
You feel a terrible chill!
The hound pauses to sniff the ground.
The hound bites you but does no damage.
You struggle against the net.
The hound bites you. The ice beast barely misses you.
Harold hits you with a +1 morningstar of freezing!!
Harold freezes you!
* * * LOW HITPOINT WARNING * * *
Unknown command.
You struggle against the net.
The hound bites you but does no damage.
The ice beast hits you but does no damage.
The hound bites you.
* * * LOW HITPOINT WARNING * * *
Harold hits you with a +1 morningstar of freezing!
* * * LOW HITPOINT WARNING * * *
Harold freezes you!
You die...
Kikubaaqudgha rasps: "You have failed me!
Welcome... death!"

...............(.........
..#......................
###.....#..##............
##..###...............#
##?.#................#
##..................... #
#..##..................
.#..##.........Y@.......
....#..........@hl......
..##.##...[......O.......
..#.<....................
.........................
..........###.........s..
..#..)).....##...........
. #.............##.####..
#................#
##.............###


You could see Harold, an ice beast, an ogre, a scorpion, an iguana and a hound.

Vanquished Creatures
  Snorg (D:10)
  2 two-headed ogres
  An unseen horror (D:10)
  A manticore (D:10)
  A troll (D:10)
  2 hippogriffs (D:9)
  A wraith (D:10)
  A wyvern (D:9)
  20 yaks
  2 shadows
  Grum (D:9)
  A vampire mosquito (D:9)
  A water moccasin (D:9)
  2 ice beasts
  2 phantoms
  A black bear (D:8)
  3 sky beasts
  2 necrophages
  An orc warrior (D:8)
  11 ogres
  3 wolves (D:9)
  3 centaurs
  5 big kobolds
  4 elf zombies (Ossuary)
  Blork the orc (D:4)
  6 bullfrogs
  A water moccasin zombie (D:5)
  A water moccasin skeleton (D:8)
  4 scorpions
  12 killer bees
  4 wights (D:10)
  3 howler monkeys (D:9)
  5 electric eels (D:7)
  2 bullfrog zombies (D:8)
  2 centaur zombies
  4 orc priests
  8 hounds
  3 human zombies (Ossuary)
  11 orc wizards
  A bullfrog skeleton (D:11)
  2 centaur skeletons
  A jelly (D:9)
  5 iguanas
  9 worker ants
  3 mummies
  A hound skeleton (D:8)
  A howler monkey zombie (D:11)
  A howler monkey skeleton (D:5)
  2 worker ant zombies (D:5)
  10 adders
  A shadow imp (D:7)
  3 white imps
  2 ufetubi
  2 oozes (Sewer)
  3 adder zombies
  An adder skeleton (D:6)
  3 dart slugs
  4 worms
  6 leopard geckos
  24 orcs
  4 ball pythons
  7 bats
  5 giant cockroaches
  7 goblins
  7 hobgoblins
  11 jackals
  4 quokkas
  3 frilled lizards
  4 goblin zombies
  11 hobgoblin zombies (Ossuary)
  16 kobolds
  6 kobold zombies
  8 orc zombies (Ossuary)
  A quokka skeleton (D:4)
  7 rats
325 creatures vanquished.

Vanquished Creatures (others)
  13 plants
13 creatures vanquished.

Grand Total: 338 creatures vanquished

Notes
Turn   | Place    | Note
-------+----------+-------------------------------------------
     0 | D:1      | grandjackal the Demonspawn Necromancer began the quest for
                  | the Orb.
     0 | D:1      | Reached XP level 1. HP: 13/13 MP: 3/3
   475 | D:1      | Gained mutation: You regenerate a little health from kills.
                  | [demonic ancestry]
   475 | D:1      | Reached XP level 2. HP: 17/20 MP: 1/5
   800 | D:1      | Reached skill level 1 in Fighting
  1401 | D:2      | Gained mutation: You have a pair of small horns on your
                  | head. [demonic ancestry]
  1401 | D:2      | Reached XP level 3. HP: 20/26 MP: 1/6
  1672 | D:2      | Learned a level 3 spell: Vampiric Draining
  1980 | D:2      | Reached skill level 5 in Necromancy
  2504 | D:2      | Gained mutation: You regenerate health from kills. [demonic
                  | ancestry]
  2504 | D:2      | Reached XP level 4. HP: 20/33 MP: 0/8
  2703 | D:3      | Found an iron altar of Okawaru.
  3660 | D:3      | Learned a level 4 spell: Animate Dead
  3694 | D:4      | Noticed Blork the orc
  3714 | D:4      | HP: 1/33 [Blork the orc/puff of flame (5)]
  3717 | D:4      | Killed Blork the orc
  3717 | D:4      | Gained mutation: You have a pair of horns on your head.
                  | [demonic ancestry]
  3717 | D:4      | Reached XP level 5. HP: 1/39 MP: 0/9
  4005 | D:4      | Found a glowing drain.
  4049 | Sewer    | Entered a sewer
  4119 | Sewer    | Got a brightly glowing war axe
  4126 | Sewer    | Identified the +10 war axe "Impuown" {venom, +Rage rC- MR-
                  | SInv} (You found it in a sewer)
  4178 | Sewer    | Gained mutation: You have an unusually large brain. (Int
                  | +2) [demonic ancestry]
  4178 | Sewer    | Reached XP level 6. HP: 40/47 MP: 11/11
  4224 | Sewer    | Reached skill level 6 in Necromancy
  4455 | D:4      | Found Heasoed's Antique Weapon Shoppe.
  4457 | D:4      | Gained mutation: You have an extremely huge brain. (Int +4)
                  | [demonic ancestry]
  4457 | D:4      | Reached XP level 7. HP: 54/54 MP: 13/13
  4631 | D:4      | Learned a level 5 spell: Agony
  4651 | D:5      | Entered Level 5 of the Dungeon
  4736 | D:5      | Reached skill level 7 in Necromancy
  5018 | D:5      | Found a staircase to the Ecumenical Temple.
  5033 | Temple   | Entered the Ecumenical Temple
  5050 | Temple   | Became a worshipper of Kikubaaqudgha
  5137 | D:5      | Reached skill level 5 in Spellcasting
  5237 | D:5      | Reached skill level 5 in Fighting
  5357 | D:5      | Gained mutation: When hurt, damage is shared between your
                  | health and your magic reserves. [demonic ancestry]
  5357 | D:5      | Reached XP level 8. HP: 53/62 MP: 15/15
  5862 | D:6      | Found a sand-covered staircase.
  5869 | Ossuary  | Entered an ossuary
  5884 | Ossuary  | Reached * piety under Kikubaaqudgha
  5884 | Ossuary  | Identified Kikubaaqudgha's Collected Works on Evil
                  | (Kikubaaqudgha gifted it to you in an ossuary)
  5884 | Ossuary  | Received a gift from Kikubaaqudgha
  5889 | Ossuary  | Learned a level 2 spell: Sublimation of Blood
  5892 | Ossuary  | Learned a level 2 spell: Corpse Rot
  5982 | Ossuary  | Reached skill level 8 in Necromancy
  5989 | Ossuary  | Reached ** piety under Kikubaaqudgha
  6553 | D:6      | Reached XP level 9. HP: 46/71 MP: 11/18
  6695 | D:7      | Found an iron altar of Okawaru.
  6986 | D:7      | Reached skill level 9 in Necromancy
  7664 | D:7      | Reached *** piety under Kikubaaqudgha
  7664 | D:7      | Identified Kikubaaqudgha's Collected Works on Dark Arts
                  | (Kikubaaqudgha gifted it to you on level 7 of the Dungeon)
  7664 | D:7      | Received a gift from Kikubaaqudgha
  7701 | D:7      | Learned a level 4 spell: Dispel Undead
  7936 | D:7      | Got a dazzling leather armour
  7947 | D:7      | Identified the cursed +1 leather armour of Kalloful {rF+
                  | MR+++ Str+6 Dex-5} (You found it on level 7 of the Dungeon)
  8723 | D:8      | Reached skill level 10 in Necromancy
  9191 | D:8      | Gained mutation: You regenerate magic rapidly. [demonic
                  | ancestry]
  9191 | D:8      | Reached XP level 10. HP: 65/80 MP: 11/21
  9577 | D:9      | Reached **** piety under Kikubaaqudgha
  9884 | D:9      | Noticed a two-headed ogre
  9894 | D:9      | Killed a two-headed ogre
 10180 | D:9      | Reached skill level 11 in Necromancy
 10838 | D:9      | Found a staircase to the Lair.
 11041 | D:9      | Gained mutation: When low on magic, you restore magic in
                  | place of health. [demonic ancestry]
 11041 | D:9      | Reached XP level 11. HP: 81/90 MP: 22/24
 11120 | D:9      | Learned a level 5 spell: Excruciating Wounds
 11143 | D:10     | Entered Level 10 of the Dungeon
 11144 | D:10     | Noticed Grum
 11144 | D:10     | Noticed Snorg
 11354 | D:9      | Killed Grum
 11439 | D:10     | Reached skill level 10 in Fighting
 11570 | D:10     | Killed Snorg
 12294 | D:10     | Reached skill level 12 in Necromancy
 12343 | D:10     | Noticed an unseen horror
 12350 | D:10     | Killed an unseen horror
 12670 | D:10     | Reached skill level 10 in Spellcasting
 13264 | D:11     | Noticed a two-headed ogre
 13273 | D:11     | Killed a two-headed ogre
 13429 | D:11     | Noticed Harold
 13442 | D:11     | Slain by Harold

Illustrated notes

Levels and vault maps discovered:
D:1:      erik_arrival_blinker_ship, layout_basic, dk_noncrumbling_4,
          glass_columns_b
D:2:      layout_basic
D:3:      layout_basic, old_standard_altar
D:4:      layout_basic, cheibrodos_sewer_entry_sluice, serial_shops, shop,
          uniq_blork_the_orc
D:5:      layout_loops_corners, minmay_temple_entry_waves, feat_on_display
D:6:      layout_cave_pools, nicolae_ossuary_entry_giza
D:7:      layout_loops_cross, basic_altar, serial_bayou, serial_bayou_pond_b,
          serial_bayou_pond_e, serial_bayou_lagoon_b, serial_bayou_shore_b,
          serial_bayou_crossing
D:8:      layout_basic
D:9:      layout_roguey, lair_entry_dummy, kb_rosetta
D:10:     layout_long_grid, hex_large, uniq_snorg, uniq_grum
D:11:     layout_cave_pools, lightli_orcish_oven, uniq_harold
Temple:   grunt_wide_crystal_templ

Skill      XL: |  1  2  3  4  5  6  7  8  9 10 11 |
---------------+----------------------------------+-----
Fighting       | 1 2 3 4 5 6 8 9 11 | 11.0
Necromancy     | 5 6 7 8 10 11 12 | 12.6
Spellcasting   | 3 4 5 6 7 9 10 | 10.4
Dodging        | |  1.7
Stealth        | |  1.7

Action                   |  1- 3 |  4- 6 |  7- 9 | 10-12 || total
-------------------------+-------+-------+-------+-------++-------
Melee: Unarmed           |    22 |       |       |       ||    22
       Dagger            |    67 |    49 |       |       ||   116
       Headbutt          |     4 |     9 |    57 |    33 ||   103
       Long sword        |       |    26 |       |       ||    26
       War axe           |       |    32 |   271 |   178 ||   481
 Cast: Pain              |    54 |    20 |    29 |       ||   103
       Vampiric Draining |       |     3 |    13 |    31 ||    47
       Dispel Undead     |       |       |       |    11 ||    11
       Animate Dead      |       |       |       |     1 ||     1
       Agony             |       |       |       |     2 ||     2
       Corpse Rot        |       |       |       |     1 ||     1
Invok: Receive Corpses   |       |       |       |     1 ||     1
  Use: Scroll            |     2 |     2 |     7 |     6 ||    17
       Potion            |       |       |     1 |       ||     1
 Stab: Sleeping          |     2 |     4 |     9 |     5 ||    20
       Distracted        |       |       |       |     1 ||     1
Armor: Robe              |    29 |    24 |    44 |       ||    97
       Leather armour    |       |       |    24 |    67 ||    91
Dodge: Dodged            |    89 |    88 |   217 |   215 ||   609
       Rpst.: Long sword |       |     8 |       |       ||     8

Table legend: (Time is in decaauts)
 A = Elapsed time spent in this place.
 B = Non-inter-level travel time spent in this place.
 C = Inter-level travel time spent in this place.
 D = Time resting spent in this place.
 E = Time spent auto-exploring this place.
 F = Levels seen in this place.
 G = Mean time per level.
                   A        B        C        D        E       F      G
               +--------+--------+--------+--------+--------+-----+--------+
         Total |  13740 |  13414 |    326 |   4455 |   6265 |  14 |  981.4 |
       Dungeon |  13163 |  12854 |    309 |   4423 |   6262 |  11 | 1196.6 |
        Temple |     34 |     17 |     17 |      0 |      0 |   1 |   34.0 |
         Sewer |    275 |    275 |      0 |     32 |      0 |   1 |  275.0 |
       Ossuary |    266 |    266 |      0 |      0 |      3 |   1 |  266.0 |
               +--------+--------+--------+--------+--------+-----+--------+

Top non-repeatable levels by time:
     D:9: 1848 daAuts
    D:10: 1728 daAuts
     D:1: 1593 daAuts
     D:7: 1507 daAuts
     D:8: 1488 daAuts
     D:5: 1154 daAuts
     D:2: 1105 daAuts
     D:3: 968 daAuts
     D:4: 760 daAuts
     D:6: 604 daAuts
    D:11: 403 daAuts
   Sewer: 275 daAuts
 Ossuary: 266 daAuts
  Temple: 34 daAuts
